 Dungeon Crawl Stone Soup version 0.29.1-13-g9f3cf754e1 (webtiles) character file.

Game seed: 9527842600843603018

81 cdecastro the Vexing (level 4, -3/34 HPs)
             Began as a Gnoll Arcane Marksman on Jan 28, 2023.
             Killed from afar by Ijyb (7 damage)
             ... with a puff of flame
             ... on level 4 of the Dungeon.
             The game lasted 00:04:06 (2424 turns).

cdecastro the Vexing (Gnoll Arcane Marksman)        Turns: 2424, Time: 00:04:07

Health: -3/34      AC:  6    Str:  9    XL:     4   Next: 42%
Magic:  7/8        EV: 13    Int: 14    God:
Gold:   135        SH:  5    Dex: 13    Spells: 8/9 levels left

rFire   . . .      SeeInvis .   a - +1 sling
rCold   . . .      Faith    .   (no shield)
rNeg    . . .      Spirit   .   c - +0 robe
rPois   .          Reflect  +   (no helmet)
rElec   .          Harm     .   (no cloak)
rCorr   .          Rampage  .   (no gloves)
Will    .....                   (no boots)
Stlth   ++........              f - amulet of reflection
HPRegen 0.11/turn               n - +4 ring of protection
MPRegen 0.11/turn               (no ring)

@: no status effects
A: fangs 1, strong nose, distributed training
a: no special abilities


You were on level 4 of the Dungeon.
You visited 1 branch of the dungeon, and saw 4 of its levels.

You collected 135 gold pieces.

Inventory:

Hand Weapons
 a - a +1 sling (weapon)
Armour
 c - a +0 robe (worn)
 j - a +0 ring mail
Jewellery
 f - an amulet of reflection (around neck)
 n - a +4 ring of protection (left hand)
Scrolls
 b - 2 scrolls of poison
 e - 2 scrolls of amnesia {unknown}
 g - 2 scrolls of identify {unknown}
 i - 3 scrolls of vulnerability {unknown}
 l - a scroll of enchant weapon {unknown}
Potions
 d - a potion of haste {unknown}
 h - 6 potions of curing {unknown}
 k - 3 potions of attraction {unknown}
 m - a potion of lignification {unknown}
 o - a potion of flight {unknown}


   Skills:
 + Level 2.8 Fighting
 + Level 1.2 Short Blades
 + Level 1.2 Long Blades
 + Level 1.2 Axes
 + Level 1.2 Maces & Flails
 + Level 1.2 Polearms
 + Level 1.2 Staves
 + Level 4.6 Ranged Weapons
 + Level 1.2 Throwing
 + Level 1.2 Armour
 + Level 4.6 Dodging
 + Level 1.2 Stealth
 + Level 1.2 Shields
 + Level 1.2 Unarmed Combat
 + Level 3.0 Spellcasting
 + Level 1.0 Conjurations
 + Level 5.5 Hexes
 + Level 1.0 Summonings
 + Level 1.0 Necromancy
 + Level 1.0 Translocations
 + Level 1.0 Transmutations
 + Level 1.0 Fire Magic
 + Level 1.0 Ice Magic
 + Level 1.0 Air Magic
 + Level 1.0 Earth Magic
 + Level 1.0 Poison Magic
 + Level 1.3 Invocations
 + Level 1.2 Evocations


You had 8 spell levels left.
You knew the following spells:

 Your Spells              Type           Power      Damage    Failure   Level
a - Slow                  Hex            68%        N/A       2%          1

Your spell library contained the following spells:

 Spells                   Type           Power      Damage    Failure   Level
 Inner Flame              Hex/Fire       11%        N/A       17%         3
 Portal Projectile        Hex/Tloc       22%        N/A       17%         3
 Cause Fear               Hex            8%         N/A       22%         4


Dungeon Overview and Level Annotations

Branches:
Dungeon (4/15)
 Temple: D:4-7

Altars:

Shops:
D:3 (

Annotations:
D:4 Ijyb


Innate Abilities, Weirdness & Mutations

You have very sharp teeth.
Your uncanny sense of smell can sniff out nearby items.
Your experience applies equally to all skills.


Message History

You shoot a sling bullet. The sling bullet barely misses Ijyb.
Ijyb hits you but does no damage.
You aren't carrying any items that you can evoke.
Fire: a) +1 sling
Press: ? - help, Q - select action, (/) - cycle Shift-Dir - straight line, f/p - Ijyb
Aim: Ijyb, wielding a +0 dagger, wearing a +0 leather armour and carrying a wand of flame (17) (lightly wounded, slow, 51% to hit)
You shoot a sling bullet.
The sling bullet hits Ijyb but does no damage.
Ijyb is lightly wounded.
Ijyb hits you with a +0 dagger.
* * * LOW HITPOINT WARNING * * *
Okay, then.
Fire: a) +1 sling
Press: ? - help, Q - select action, (/) - cycle Shift-Dir - straight line, f/p - Ijyb
Aim: Ijyb, wielding a +0 dagger, wearing a +0 leather armour and carrying a wand of flame (17) (lightly wounded, slow, 51% to hit)
You shoot a sling bullet. The sling bullet closely misses Ijyb.
Unknown command.
Fire: a) +1 sling
Press: ? - help, Q - select action, (/) - cycle Shift-Dir - straight line, f/p - Ijyb
Aim: Ijyb, wielding a +0 dagger, wearing a +0 leather armour and carrying a wand of flame (17) (lightly wounded, slow, 51% to hit)
You shoot a sling bullet. The sling bullet hits Ijyb.
Ijyb is lightly wounded.
Ijyb barely misses you.
Fire: a) +1 sling
Press: ? - help, Q - select action, (/) - cycle Shift-Dir - straight line, f/p - Ijyb
Aim: Ijyb, wielding a +0 dagger, wearing a +0 leather armour and carrying a wand of flame (17) (lightly wounded, slow, 51% to hit)
You shoot a sling bullet. The sling bullet barely misses Ijyb.
Ijyb barely misses you.
Fire: a) +1 sling
Press: ? - help, Q - select action, (/) - cycle Shift-Dir - straight line, f/p - Ijyb
Aim: Ijyb, wielding a +0 dagger, wearing a +0 leather armour and carrying a wand of flame (17) (lightly wounded, slow, 51% to hit)
You shoot a sling bullet. The sling bullet barely misses Ijyb.
Ijyb hits you with a +0 dagger.
* * * LOW HITPOINT WARNING * * *
Fire: a) +1 sling
Press: ? - help, Q - select action, (/) - cycle Shift-Dir - straight line, f/p - Ijyb
Aim: Ijyb, wielding a +0 dagger, wearing a +0 leather armour and carrying a wand of flame (17) (lightly wounded, slow, 51% to hit)
You shoot a sling bullet. The sling bullet closely misses Ijyb.
Ijyb zaps a wand.
The puff of flame hits you!
You die...

. #.#.# .#.#.#.#
#..#.#.#
.......##########
# #...).).....<#
#....#########
#.#....# #......#
#######@#
.......g#
######..# ∆ #..#
#..# ...# . .##.#
.. . =.# #. # ###


You could see Ijyb (slow).

Vanquished Creatures
  3 adders
  2 dart slugs
  2 orcs (D:4)
  5 ball pythons
  3 bats
  4 endoplasms
  2 giant cockroaches
  5 goblins
  8 hobgoblins
  4 frilled lizards
  6 kobolds
  3 rats
47 creatures vanquished.

Vanquished Creatures (others)
  5 toadstools (D:4)
5 creatures vanquished.

Grand Total: 52 creatures vanquished

Notes
Turn   | Place    | Note
-------+----------+-------------------------------------------
     0 | D:1      | cdecastro the Gnoll Arcane Marksman began the quest for the
                  | Orb.
     0 | D:1      | Reached XP level 1. HP: 17/17 MP: 4/4
    57 | D:1      | Found a faded altar of an unknown god.
   162 | D:1      | Reached XP level 2. HP: 23/23 MP: 5/5
   736 | D:2      | Reached XP level 3. HP: 28/28 MP: 7/7
  1060 | D:2      | Reached skill level 1 in Invocations
  1142 | D:2      | Reached skill level 1 in Short Blades
  1142 | D:2      | Reached skill level 1 in Long Blades
  1142 | D:2      | Reached skill level 1 in Axes
  1142 | D:2      | Reached skill level 1 in Maces & Flails
  1142 | D:2      | Reached skill level 1 in Polearms
  1142 | D:2      | Reached skill level 1 in Staves
  1142 | D:2      | Reached skill level 1 in Throwing
  1142 | D:2      | Reached skill level 1 in Armour
  1142 | D:2      | Reached skill level 1 in Stealth
  1142 | D:2      | Reached skill level 1 in Shields
  1142 | D:2      | Reached skill level 1 in Unarmed Combat
  1142 | D:2      | Reached skill level 1 in Evocations
  1401 | D:3      | Found Gekiori's Antique Weapon Boutique.
  1502 | D:3      | Reached XP level 4. HP: 7/34 MP: 6/8
  2340 | D:4      | Noticed a necrophage
  2387 | D:4      | Reached skill level 1 in Conjurations
  2387 | D:4      | Reached skill level 1 in Summonings
  2387 | D:4      | Reached skill level 1 in Necromancy
  2387 | D:4      | Reached skill level 1 in Translocations
  2387 | D:4      | Reached skill level 1 in Transmutations
  2387 | D:4      | Reached skill level 1 in Fire Magic
  2387 | D:4      | Reached skill level 1 in Ice Magic
  2387 | D:4      | Reached skill level 1 in Air Magic
  2387 | D:4      | Reached skill level 1 in Earth Magic
  2387 | D:4      | Reached skill level 1 in Poison Magic
  2403 | D:4      | Noticed Ijyb
  2424 | D:4      | Killed from afar by Ijyb

Illustrated notes

Levels and vault maps discovered:
D:1:      zelgadis_glass_arrival_large, layout_rooms,
          ebering_ecumenical_altar_rust
D:2:      layout_loops_ring, minmay_misc_feat_rows
D:3:      layout_basic, serial_shops, shop
D:4:      cheibrodos_quashed, layout_basic, serial_shops, nicolae_diamond_shop,
          cheibrodos_sewer_entry_sluice, gammafunk_ghost_mausoleum,
          minmay_gold_behind_fungi, uniq_ijyb, uniq_pikel

Skill      XL: |  1  2  3  4 |
---------------+-------------+-----
Invocations    | 1 |  1.3
Short Blades   | 1 |  1.2
Long Blades    | 1 |  1.2
Axes           | 1 |  1.2
Maces & Flails | 1 |  1.2
Polearms       | 1 |  1.2
Staves         | 1 |  1.2
Throwing       | 1 |  1.2
Armour         | 1 |  1.2
Stealth        | 1 |  1.2
Shields        | 1 |  1.2
Unarmed Combat | 1 |  1.2
Evocations     | 1 |  1.2
Spellcasting   | 3 |  3.0
Conjurations   | 1 |  1.0
Summonings     | 1 |  1.0
Necromancy     | 1 |  1.0
Translocations | 1 |  1.0
Transmutations | 1 |  1.0
Fire Magic     | 1 |  1.0
Ice Magic      | 1 |  1.0
Air Magic      | 1 |  1.0
Earth Magic    | 1 |  1.0
Poison Magic   | 1 |  1.0
Fighting       | |  2.8
Ranged Weapons | |  4.6
Dodging        | |  4.6
Hexes          | |  5.5

Action                   |  1- 3 |  4- 6 || total
-------------------------+-------+-------++-------
 Fire: Sling             |   122 |    37 ||   159
 Cast: Slow              |     2 |     6 ||     8
Armor: Robe              |    11 |     6 ||    17
Dodge: Dodged            |    34 |    12 ||    46
Block: Other             |     7 |     2 ||     9
       Reflection        |     1 |       ||     1
